 Dungeon Crawl Stone Soup version 0.26.1-11-gd32895ea62 (webtiles) character file.

Game seed: 1777795217359050037

8443 nothank2 the Carver (level 11, -7/102 HPs)
             Began as a Minotaur Fighter on July 12, 2021.
             Was a Believer of Makhleb.
             Mangled by a frost giant
             ... wielding a +1 battleaxe of freezing
              (21 damage)
             ... on level 11 of the Dungeon.
             The game lasted 00:26:33 (10720 turns).

nothank2 the Carver (Minotaur Fighter)             Turns: 10720, Time: 00:26:33

Health: -7/102     AC: 22    Str: 24    XL:     11   Next: 10%
Magic:  0/13       EV:  5    Int:  5    God:    Makhleb [**....]
Gold:   522        SH: 11    Dex: 10    Spells: 10/10 levels left

rFire    . . .     SeeInvis .   a - +1 long sword
rCold    + . .     Faith    .   c - +0 kite shield
rNeg     . . .     Spirit   +   K - +0 plate armour
rPois    .         Reflect  .   (helmet restricted)
rElec    .         Harm     .   n - +0 cloak
rCorr    .         Rampage  .   o - +2 pair of gloves
Will     .....                  t - +0 pair of boots {Stlth+}
Stlth    ..........             A - amulet of guardian spirit
HPRegen  0.27/turn              y - ring of protection from cold
MPRegen  0.13/turn              k - +4 ring of protection

@: no status effects
A: retaliatory headbutt, horns 2
a: Renounce Religion, Minor Destruction


You were on level 11 of the Dungeon.
You worshipped Makhleb.
Makhleb was pleased with you.
You visited 2 branches of the dungeon, and saw 12 of its levels.

You collected 664 gold pieces.
You spent 142 gold pieces at shops.

Inventory:

Hand Weapons
 a - a +1 long sword (weapon)
Missiles
 f - 52 poisoned darts (quivered)
Armour
 c - a +0 kite shield (worn)
 l - +0 fire dragon scales
 n - a +0 cloak (worn)
 o - a +2 pair of gloves (worn)
 t - a +0 pair of boots of stealth (worn)
 K - a +0 plate armour (worn)
Jewellery
 k - a +4 ring of protection (right hand)
 y - a ring of protection from cold (left hand)
 A - an amulet of guardian spirit (around neck)
 E - an uncursed ring of see invisible
 F - an uncursed amulet of faith
Wands
 s - a wand of random effects (44)
 u - a wand of flame (39)
 D - a wand of disintegration (17)
 G - a wand of paralysis (8)
Scrolls
 b - 2 scrolls of summoning
 g - a scroll of amnesia
 j - 4 scrolls of remove curse
 q - 7 scrolls of teleportation
 r - 3 scrolls of fog
 C - 5 scrolls of identify
 J - 5 scrolls of blinking
Potions
 d - 2 potions of might
 e - a potion of ambrosia {unknown}
 h - 4 potions of lignification {unknown}
 i - 2 potions of curing {unknown}
 m - a potion of berserk rage
 p - 2 potions of mutation
 v - 3 potions of brilliance
 w - 3 potions of flight
 x - a potion of resistance {unknown}
 B - a potion of cancellation {unknown}
 I - 3 potions of degeneration {unknown}


   Skills:
 + Level 11.1 Fighting
 + Level 14.3 Long Blades
 + Level 6.7 Armour
 + Level 6.6 Shields
 + Level 4.4 Invocations


You had 10 spell levels left.
You didn't know any spells.
Your spell library contained the following spells:

 Spells                   Type           Power        Failure   Level
 Animate Skeleton         Necr           0%           100%        1
 Corona                   Hex            0%           100%        1
 Magic Dart               Conj           0%           100%        1
 Pain                     Necr           0%           100%        1
 Blink                    Tloc           N/A          100%        2
 Call Imp                 Summ           0%           100%        2
 Searing Ray              Conj           0%           100%        2
 Slow                     Hex            0%           100%        2
 Conjure Flame            Conj/Fire      0%           100%        3
 Dazzling Flash           Conj/Hex       0%           100%        3
 Inner Flame              Hex/Fire       0%           100%        3
 Mephitic Cloud           Conj/Pois/Air  0%           100%        3
 Portal Projectile        Hex/Tloc       0%           100%        3
 Vampiric Draining        Necr           0%           100%        3
 Animate Dead             Necr           0%           100%        4
 Cause Fear               Hex            0%           100%        4
 Fulminant Prism          Conj/Hex       0%           100%        4
 Iskenderun's Mystic Bla  Conj/Tloc      0%           100%        4
 Leda's Liquefaction      Hex/Erth       0%           100%        4
 Agony                    Necr           0%           100%        5


Dungeon Overview and Level Annotations

Branches:
Dungeon (11/15)            Temple (1/1) D:5            Lair (0/6) D:8
    Orc: D:9-12

Altars:
Ashenzari
Cheibriados
Dithmenos
Elyvilon
Fedhas
Gozag
Hepliaklqana
Kikubaaqudgha
Makhleb
Nemelex Xobeh
Okawaru
Qazlal
Ru
Sif Muna
Trog
Uskayaw
Vehumet
Wu Jian
Xom
Yredelemnul
Zin
The Shining One

Shops:
D:5 =?   D:7 =   D:9 [


Innate Abilities, Weirdness & Mutations

You reflexively headbutt those who attack you in melee.
You have a pair of horns on your head.


Message History

The bolt of cold hits you! You resist.
* * * LOW HITPOINT WARNING * * *
You feel much better. You block the frost giant's attack.
You slash the frost giant!
The frost giant is severely wounded.
You hit the frost giant but do no damage.
You headbutt the frost giant.
The frost giant is severely wounded.
The frost giant casts a spell at you. The bolt of cold hits you! You resist.
* * * LOW HITPOINT WARNING * * *
You feel much better.
The frost giant hits you with a +1 battleaxe of freezing!
* * * LOW HITPOINT WARNING * * *
The frost giant freezes you.
* * * LOW HITPOINT WARNING * * *
You slash the frost giant! You headbutt the frost giant!
The frost giant is almost dead.
The frost giant hits you with a +1 battleaxe of freezing!!
You die...

....####.###
#..#####.####
....# #.#
#..# #.#
....# #.#
#..# #.#
)#### ...
#..# #.. .#
#..# †# #..#
.# ##.# .#
#.# .# #@# ..
:...kYC.# .#
#.#..h#.# .#
#..##.# .#
#..# #.# ..
...# #.. ..#
##. .# .


You could see a frost giant, a polar bear, a rime drake and an ice beast.

Vanquished Creatures
  A two-headed ogre (D:6)
  An unseen horror (D:10)
  Pikel (D:7)
  A komodo dragon (D:10)
  A kobold demonologist (D:11)
  A hornet (D:8)
  Prince Ribbit (D:8)
  Grinder (D:3)
  Sigmund (D:2)
  2 wyverns
  Menkaure (D:6)
  A water moccasin (D:10)
  3 orc warriors
  A sky beast (D:11)
  4 black bears
  A hornet zombie (D:10)
  A phantom (D:6)
  3 ice beasts
  11 ogres
  3 centaurs
  2 big kobolds
  7 bullfrogs
  A wyvern skeleton (D:6)
  5 scorpions
  A water moccasin skeleton (D:4)
  4 killer bees (D:11)
  3 wights (D:10)
  3 howler monkeys
  3 electric eels (D:10)
  A centaur zombie (D:8)
  A quasit (D:6)
  5 hounds
  2 jellies (D:9)
  3 orc priests
  A bullfrog skeleton (D:4)
  4 orc wizards
  A gnoll shaman (D:7)
  8 iguanas
  3 worker ants
  2 killer bee zombies
  A hound zombie (D:4)
  4 hound skeletons
  A howler monkey zombie (D:7)
  3 worker ant zombies
  9 gnolls
  7 adders
  A shadow imp (D:8)
  7 white imps
  4 ufetubi
  2 adder skeletons
  2 worms (D:2)
  A dart slug (D:2)
  7 leopard geckos
  31 orcs
  2 ball pythons
  7 giant cockroaches
  9 goblins
  8 hobgoblins
  11 jackals
  3 quokkas
  3 bats
  5 frilled lizards
  A giant cockroach zombie (D:6)
  A jackal skeleton (D:5)
  16 kobolds
  2 quokka skeletons
  12 rats
260 creatures vanquished.

Vanquished Creatures (others)
  8 fungi (D:8)
  15 plants
23 creatures vanquished.

Grand Total: 283 creatures vanquished

Notes
Turn   | Place    | Note
-------+----------+-------------------------------------------
     0 | D:1      | nothank2 the Minotaur Fighter began the quest for the Orb.
     0 | D:1      | Reached XP level 1. HP: 19/19 MP: 0/0
   238 | D:1      | Reached skill level 3 in Long Blades
   252 | D:1      | Reached XP level 2. HP: 20/27 MP: 1/1
   734 | D:1      | Reached XP level 3. HP: 33/33 MP: 2/2
   918 | D:2      | Noticed Sigmund
   928 | D:2      | Killed Sigmund
   929 | D:2      | Reached skill level 5 in Fighting
   929 | D:2      | Reached skill level 5 in Long Blades
   929 | D:2      | Reached XP level 4. HP: 24/42 MP: 3/3
   929 | D:2      | Reached XP level 5. HP: 27/48 MP: 4/4
  1262 | D:2      | Found a radiant altar of Vehumet.
  1418 | D:2      | Reached skill level 6 in Long Blades
  2113 | D:3      | Reached XP level 6. HP: 56/56 MP: 5/5
  2123 | D:3      | Noticed Grinder
  2145 | D:3      | Paralysed by Grinder for 5 turns
  2154 | D:3      | Killed Grinder
  2155 | D:3      | Reached skill level 7 in Long Blades
  2576 | D:3      | Reached XP level 7. HP: 57/63 MP: 6/6
  2802 | D:4      | Reached skill level 8 in Long Blades
  2868 | D:4      | Found an iron altar of Okawaru.
  2868 | D:4      | Found a hide-covered altar of Uskayaw.
  3256 | D:4      | Reached skill level 9 in Long Blades
  3452 | D:5      | Entered Level 5 of the Dungeon
  3659 | D:5      | Reached XP level 8. HP: 24/73 MP: 7/7
  4088 | D:5      | Found Hifayhi's Magic Scroll Shoppe.
  4100 | D:5      | Reached skill level 10 in Long Blades
  4106 | D:5      | Bought a scroll of enchant weapon for 112 gold pieces
  4106 | D:5      | Bought a scroll of identify for 30 gold pieces
  4153 | D:5      | Found a staircase to the Ecumenical Temple.
  4162 | Temple   | Entered the Ecumenical Temple
  4252 | Temple   | Became a worshipper of Makhleb the Destroyer
  4572 | D:5      | Found Lawiux's Jewellery Shoppe.
  4938 | D:6      | Noticed Menkaure
  4946 | D:6      | Killed Menkaure
  5173 | D:6      | Reached skill level 11 in Long Blades
  5548 | D:6      | Reached XP level 9. HP: 79/82 MP: 8/8
  5637 | D:6      | Reached * piety under Makhleb
  5914 | D:6      | Noticed a two-headed ogre
  5920 | D:6      | Killed a two-headed ogre
  5921 | D:6      | Reached skill level 12 in Long Blades
  6396 | D:7      | Noticed Pikel
  6405 | D:7      | Killed Pikel
  6406 | D:7      | Reached skill level 10 in Fighting
  6406 | D:7      | Reached skill level 13 in Long Blades
  6406 | D:7      | Reached skill level 1 in Invocations
  6617 | D:7      | Found a stormy altar of Qazlal.
  6684 | D:7      | Got a distressingly furry ring mail
  6695 | D:7      | Identified the +5 ring mail of the Game of Life {Rampage
                  | Will- Dex+7 Stlth+} (You found it on level 7 of the
                  | Dungeon)
  6789 | D:7      | Found Rovvem's Jewellery Shop.
  6858 | D:7      | Reached XP level 10. HP: 93/93 MP: 10/10
  7260 | D:8      | Noticed Prince Ribbit
  7305 | D:8      | Killed Prince Ribbit
  7306 | D:8      | Reached skill level 5 in Armour
  7361 | D:8      | Reached skill level 5 in Shields
  7791 | D:8      | Found a staircase to the Lair.
  7801 | D:8      | Reached ** piety under Makhleb
  8094 | D:9      | Found Rogaeq's Armour Boutique.
  9035 | D:10     | Entered Level 10 of the Dungeon
  9076 | D:10     | Reached skill level 14 in Long Blades
  9352 | D:10     | Killed an unseen horror
 10006 | D:10     | Reached XP level 11. HP: 102/102 MP: 13/13
 10596 | D:11     | Noticed a sun demon
 10692 | D:11     | Noticed a frost giant
 10715 | D:11     | HP: 4/102 [frost giant/bolt of cold (13)]
 10720 | D:11     | Mangled by a frost giant

Illustrated notes

Levels and vault maps discovered:
D:1:      mushboom_english_gardens, layout_basic
D:2:      layout_basic, lemuel_coloured_pillars_altar, uniq_sigmund
D:3:      layout_basic, uniq_grinder
D:4:      layout_rooms, grunt_temple_overflow_open, lexackson_kobold_supper
D:5:      minmay_razor_zed, layout_cave_pools, temple_statues, serial_shops,
          nicolae_shop_waterfront, shop
D:6:      layout_loops_ring, minivault_1, amcnicky_mini_corridor_feature,
          grunt_ministairs_4, chequers_avenue, chequers_serial_rivers_small_3,
          uniq_menkaure
D:7:      layout_loops_ring, grunt_qazlal_sundering, serial_shops,
          nicolae_shop_trees, uniq_pikel
D:8:      layout_loops_ring, grunt_lair_entry_orc_guard_hut, uniq_prince_ribbit1
D:9:      layout_irregular_city, kennysheep_small_circle
D:10:     layout_basic
D:11:     minmay_coctagon, layout_basic, serial_shops, bzr_entry_safe,
          kb_rosetta
Temple:   regret_index_temple_mists

Skill      XL: |  1  2  3  4  5  6  7  8  9 10 |
---------------+-------------------------------+-----
Long Blades    | 3 5 6 7 9 11 13 14 | 14.3
Fighting       | 4 5 6 7 8 10 11 | 11.1
Armour         | 4 6 |  6.7
Shields        | 4 6 |  6.6
Invocations    | 2 4 |  4.4

Action                   |  1- 3 |  4- 6 |  7- 9 | 10-12 || total
-------------------------+-------+-------+-------+-------++-------
Melee: Long sword        |    66 |    90 |   330 |   382 ||   868
       Headbutt          |     9 |    15 |    80 |    84 ||   188
       Falchion          |       |       |     3 |       ||     3
Throw: Dart              |       |     5 |    19 |     6 ||    30
  Use: Scroll            |       |       |    13 |     1 ||    14
       Potion            |       |       |       |     2 ||     2
Armor: Scale mail        |    21 |       |       |       ||    21
       Fire dragon scale |     4 |    30 |   158 |    47 ||   239
       Plate armour      |       |       |       |   112 ||   112
Dodge: Dodged            |    25 |    20 |    70 |    57 ||   172
Block: Kite shield       |    31 |    36 |   132 |   159 ||   358
       Rpst.: Long sword |     9 |     2 |    19 |    17 ||    47
